 Dungeon Crawl Stone Soup version 0.30.0-20-g3615ddf2f0 (webtiles) character file.

Game seed: 14266278205019970388

502 qw the Shield-Bearer (level 7, -6/43 HPs)
             Began as a Gargoyle Fighter on May 30, 2023.
             Mangled by a vampire (7 damage)
             ... on level 7 of the Dungeon.
             The game lasted 00:01:41 (3249 turns).

qw the Shield-Bearer (Gargoyle Fighter)             Turns: 3249, Time: 00:01:42

Health: -6/43      AC: 15    Str: 22    XL:     7   Next: 17%
Magic:  7/7        EV:  9    Int:  8    God:
Gold:   217        SH:  8    Dex:  9    Spells: 6/6 levels left

rFire   . . .        Y - +0 war axe
rCold   . . .        l - +0 kite shield
rNeg    + . .        b - +0 scale mail
rPois   inf          n - +2 helmet
rElec   +            (no cloak)
rCorr   .            (no gloves)
SInv    .            g - +0 pair of boots
Will    .....        (no amulet) Stlth
                     (no ring)
HPRegen 0.27/turn    (no ring)
MPRegen 0.10/turn

%: no passive effects
@: marked
A: sickness immunity, AC +4, negative energy resistance 1, electricity
resistance, torment resistance 1, petrification resistance
a: no special abilities


You were on level 7 of the Dungeon.
You visited 1 branch of the dungeon, and saw 5 of its levels.

You collected 217 gold pieces.


Innate Abilities, Weirdness & Mutations

You are immune to sickness and miasma.
Your stone body is resilient. (AC +4)
You are immune to poison.
You resist negative energy. (rN+)
You are resistant to electric shocks. (rElec)
You are resistant to unholy torment.
You are immune to petrification.


   Skills:
 - Level 4.0 Fighting
 + Level 5.2 Axes
 - Level 3.2 Armour
 - Level 1.3 Dodging
 - Level 5.3 Shields


You had 6 spell levels left.
You didn't know any spells.
Your spell library was empty.

Inventory:

Hand Weapons
 s - a +0 morningstar
 Y - a +0 war axe (weapon)
Missiles
 r - 2 boomerangs (quivered)
Armour
 b - a +0 scale mail (worn)
 g - a +0 pair of boots (worn)
 l - a +0 kite shield (worn)
 n - a +2 helmet (worn)
 p - a +0 ring mail of cold resistance
Scrolls
 f - a scroll of identify
 m - a scroll of noise {unknown}
 q - a scroll of blinking {unknown}
 t - a scroll of fear {unknown}
Potions
 a - a potion of lignification {unknown}
 c - a potion of magic {unknown}
 d - a potion of might
 e - a potion of berserk rage {unknown}
 h - a potion of ambrosia {unknown}
 i - a potion of heal wounds {unknown}
 j - a potion of attraction
 k - a potion of curing {unknown}
 o - a potion of degeneration {unknown}

Dungeon Overview and Level Annotations

Branches:
Dungeon (4/15)
 Temple: D:4-7

Altars:
Hepliaklqana


Message History

3243 ||| Stepping ~*~*~tactically~*~*~ (hiding).
You hit the two-headed ogre.
The two-headed ogre is lightly wounded.
The two-headed ogre barely misses you. The two-headed ogre misses you.
A gnoll comes into view. It is wielding a +0 halberd.
You hit the two-headed ogre but do no damage.
The two-headed ogre is lightly wounded.
The two-headed ogre barely misses you.
The two-headed ogre hits you but does no damage.
You slash the two-headed ogre!
The two-headed ogre is lightly wounded.
You hit the vampire.
A troll comes into view.
A killer bee comes into view.
The vampire hits you. The vampire bites you.
The two-headed ogre hits you with a +0 giant club.
You block the two-headed ogre's attack.
A gnoll comes into view. It is wielding a +0 halberd.
A slime creature comes into view.
You block the vampire's attack. The vampire bites you.
You hit the vampire but do no damage.
The vampire is lightly damaged.
You closely miss the killer bee.
You hit the two-headed ogre but do no damage.
You block the killer bee's attack.
The two-headed ogre hits you with a +0 giant club.
The two-headed ogre hits you with a +0 giant spiked club!
The killer bee stings you but does no damage.
A gnoll bouda comes into view. It is wielding a +0 club.
The vampire hits you. The vampire barely misses you.
You hit the vampire.
The vampire is lightly damaged.
You barely miss the two-headed ogre. You barely miss the killer bee.
You block the killer bee's attack. The killer bee closely misses you.
A gnoll comes into view. It is wielding a +0 club.
The two-headed ogre barely misses you.
The two-headed ogre hits you with a +0 giant spiked club.
The gnoll bouda barks out a call to the hunt!
The gnolls pick up the pace!
The vampire hits you!
You die...

... #.# #... #.#
.[....####.#######.
#####..............
######.#######.
##.# #. #..####....
###..........
##@yg.........
#OV##..g......
#.C..TC###..g......
#...#J.# #....g[...
..## #..#
#####.##.. #..# ...
# #.># .### #...
...#


You could see a slime creature, a two-headed ogre, a cyclops, a troll, a
vampire, a gnoll bouda, a killer bee and 3 gnolls.

Vanquished Creatures
  A centaur (D:3)
  A phantom (D:4)
  A howler monkey (D:4)
  2 hounds
  An orc priest (D:4)
  A sleepcap (D:4)
  2 iguanas
  An adder (D:2)
  A white imp (D:7)
  6 worms
  3 dart slugs
  12 orcs (D:4)
  4 bats
  3 endoplasms
  4 giant cockroaches
  7 goblins
  10 hobgoblins
  6 jackals
  6 quokkas
  7 ball pythons
  3 frilled lizards
  5 kobolds
  10 rats
97 creatures vanquished.

Notes
Turn   | Place    | Note
-------+----------+-------------------------------------------
     0 | D:1      | qw the Gargoyle Fighter began the quest for the Orb.
     0 | D:1      | Reached XP level 1. HP: 14/14 MP: 1/1
     0 | D:1      | 0 ||| qw: Version: 0.2-a-102-g2b76a06
     0 | D:1      | 0 ||| qw: Game counter: 493
     0 | D:1      | 0 ||| qw: Always use a shield: true
     0 | D:1      | 0 ||| qw: God list: Okawaru
     0 | D:1      | 0 ||| qw: Allow faded altars: false
     0 | D:1      | 0 ||| qw: Do Orc after D:15 true
     0 | D:1      | 0 ||| qw: Do second Lair branch before Depths: true
     0 | D:1      | 0 ||| qw: Lair rune preference: random
     0 | D:1      | 0 ||| qw: Plans: Normal, Zot:1-4, Slime:5, God:TSO, Crypt,
                  | Tomb, Pan, Hells, Abyss, Win
     0 | D:1      | 0 ||| PLANNING D:1-11
    33 | D:1      | 33 ||| Stepping ~*~*~tactically~*~*~ (stealth).
    91 | D:1      | Reached XP level 2. HP: 19/19 MP: 2/2
   124 | D:1      | 124 ||| Stepping ~*~*~tactically~*~*~ (hiding).
   239 | D:1      | 239 ||| Stepping ~*~*~tactically~*~*~ (stealth).
   358 | D:1      | Reached skill level 3 in Axes
   437 | D:1      | 437 ||| Stepping ~*~*~tactically~*~*~ (stealth).
   438 | D:1      | 438 ||| Stepping ~*~*~tactically~*~*~ (stealth).
   443 | D:1      | Reached XP level 3. HP: 23/23 MP: 3/3
  1123 | D:1      | 1123 ||| UPGRADING to +0 pair of boots.
  1128 | D:1      | 1128 ||| READING scroll labelled KETULE ZIMIA.
  1129 | D:1      | 1129 ||| READING scroll labelled XAPAOST HAKIRPHYLA.
  1683 | D:2      | Reached XP level 4. HP: 28/28 MP: 4/4
  2047 | D:2      | 2047 ||| UPGRADING to +0 kite shield.
  2057 | D:2      | 2057 ||| DROPPING +0 buckler.
  2058 | D:2      | 2058 ||| UPGRADING to +2 helmet.
  2063 | D:2      | 2063 ||| READING scroll labelled QABEOMP QAORUY.
  2064 | D:2      | 2064 ||| READING scroll labelled JIDEIMUWNA.
  2095 | D:3      | 2095 ||| STAIRDANCE
  2183 | D:3      | Noticed a centaur
  2184 | D:3      | 2184 ||| FLEEEEING.
  2185 | D:3      | 2185 ||| STAIRDANCE
  2239 | D:3      | 2239 ||| Stepping ~*~*~tactically~*~*~ (hiding).
  2241 | D:3      | 2241 ||| Stepping ~*~*~tactically~*~*~ (hiding).
  2248 | D:3      | Killed a centaur
  2249 | D:3      | Reached XP level 5. HP: 24/32 MP: 5/5
  2456 | D:3      | 2456 ||| READING scroll labelled JANOSEITTYF.
  2576 | D:3      | Reached XP level 6. HP: 37/37 MP: 6/6
  2790 | D:3      | 2790 ||| READING scroll labelled MUK MUDOTAPIPP.
  2791 | D:3      | 2791 ||| READING scroll labelled CAQ KUBADUXIJO.
  2792 | D:3      | 2792 ||| DRINKING 2 purple potions.
  2822 | D:4      | 2822 ||| PLANNING SEWER
  2870 | D:4      | 2870 ||| Stepping ~*~*~tactically~*~*~ (stealth).
  2872 | D:4      | 2872 ||| Stepping ~*~*~tactically~*~*~ (stealth).
  2877 | D:4      | 2877 ||| Stepping ~*~*~tactically~*~*~ (hiding).
  2878 | D:4      | 2878 ||| Stepping ~*~*~tactically~*~*~ (stealth).
  3110 | D:4      | 3110 ||| DROPPING +0 mace.
  3120 | D:4      | Reached skill level 1 in Dodging
  3120 | D:4      | Reached XP level 7. HP: 43/43 MP: 7/7
  3122 | D:4      | Found a hazy altar of Hepliaklqana.
  3123 | D:4      | 3123 ||| Stepping ~*~*~tactically~*~*~ (hiding).
  3205 | D:4      | You fall into a shaft and drop 3 floors!
  3239 | D:7      | Noticed a two-headed ogre
  3240 | D:7      | Noticed a vampire
  3242 | D:7      | Noticed a cyclops
  3243 | D:7      | 3243 ||| Stepping ~*~*~tactically~*~*~ (hiding).
  3247 | D:7      | Noticed a troll
  3247 | D:7      | Noticed a slime creature
  3248 | D:7      | HP: 5/43 [two-headed ogre/+0 giant club (15)]
  3249 | D:7      | HP: 1/43 [two-headed ogre/+0 giant club (3)]
  3249 | D:7      | Mangled by a vampire

Levels and vault maps discovered:
D:1:      matt_arrival_spirals, layout_basic
D:2:      layout_loops_corners
D:3:      layout_rooms, minmay_goblin_outpost
D:4:      kennysheep_slugbush, layout_basic, mainiacjoe_overflow_alcove_2,
          minitemple, lightli_sewer_entry_pipes
D:7:      minmay_blocky_corners, layout_rooms

Skill      XL: |  1  2  3  4  5  6 |
---------------+-------------------+-----
Axes           | 2 3 4 5 |  5.2
Shields        | 5 |  5.3
Fighting       | 4 |  4.0
Dodging        | 1 |  1.3
Armour         | |  3.2

Action                     |  1- 3 |  4- 6 |  7- 9 || total
---------------------------+-------+-------+-------++-------
  Melee: War axe           |   113 |   146 |    20 ||   279
  Throw: Boomerang         |       |    11 |     7 ||    18
    Use: Scroll            |     2 |     5 |       ||     7
         Potion            |       |     1 |       ||     1
 Armour: Scale mail        |    57 |    84 |     6 ||   147
  Dodge: Dodged            |    49 |    61 |     8 ||   118
  Block: Buckler           |    13 |       |       ||    13
         Kite shield       |       |    67 |     9 ||    76

Table legend:
 A = Non-vault XP
 B = Vault XP
 C = Vault XP percentage of total XP
 D = Non-vault monster count
 E = Vault monster count
 F = Vault count percentage of total count
                 A         B        C        D         E       F
            +---------+---------+-------+---------+---------+-------
      Total |     695 |      23 |   3.2 |      87 |      10 |  10.3
            +---------+---------+-------+---------+---------+-------
        D:1 |      46 |       0 |   0.0 |      28 |       0 |   0.0
        D:2 |      93 |       0 |   0.0 |      19 |       0 |   0.0
        D:3 |     174 |      15 |   7.9 |      15 |       8 |  34.8
        D:4 |     371 |       8 |   2.1 |      24 |       2 |   7.7
        D:7 |      11 |       0 |   0.0 |       1 |       0 |   0.0
            +---------+---------+-------+---------+---------+-------
